 Dungeon Crawl Stone Soup version 0.30-b1-2-g02819fbbbe (webtiles) character file.

Game seed: 6521098002035610015

14 Alarkh the Charlatan (level 2, 20/23 HPs)
             Began as a Demonspawn Artificer on Nov 26, 2023.
             Got out of the dungeon alive.
             The game lasted 00:00:28 (321 turns).

Alarkh the Charlatan (Demonspawn Artificer)          Turns: 321, Time: 00:00:28

Health: 20/23      AC:  3    Str: 12    XL:     2   Next: 27%
Magic:  2/2        EV: 11    Int: 12    God:
Gold:   44         SH:  0    Dex: 13    Spells: 1/1 levels left

rFire   . . .        a - +0 short sword
rCold   . . .        (no shield)
rNeg    . . .        b - +0 leather armour
rPois   .            (no helmet)
rElec   .            (no cloak)
rCorr   .            (no gloves)
SInv    .            (no boots)
Will    .....        (no amulet)
Stlth   +            (no ring)
HPRegen 0.23/turn    (no ring)
MPRegen 0.08/turn

%: no passive effects
@: no status effects
A: foul stench 1
a: no special abilities


You escaped.
You visited 1 branch of the dungeon, and saw 1 of its levels.

You collected 44 gold pieces.

Inventory:

Hand Weapons
 a - a +0 short sword (weapon)
Armour
 b - a +0 leather armour (worn)
Wands
 c - a wand of flame (8) (quivered)
 d - a wand of charming (15)
 e - a wand of iceblast (5)
Scrolls
 g - a scroll of amnesia {unknown}
Potions
 f - a potion of flight {unknown}
 h - 2 potions of cancellation {unknown}


   Skills:
 + Level 2.3 Fighting
 - Level 1.7 Armour
 - Level 0.8 Dodging
 - Level 0.8 Stealth
 - Level 3.0 Evocations


You had one spell level left.
You didn't know any spells.
Your spell library was empty.

Dungeon Overview and Level Annotations

Branches:
Dungeon (1/15)

Altars:


Innate Abilities, Weirdness & Mutations

You may rarely emit foul miasma when damaged in melee.


Message History

Press: ? - help, Shift-Dir - straight line, f/p - jackal
Aim: a jackal (almost dead, 64% to hit)
The puff of flame misses the jackal.
The puff of flame hits the jackal.
The jackal is severely wounded.
The jackal closely misses you.
Aiming: Throw Flame
Press: ? - help, Shift-Dir - straight line, f/p - jackal
Aim: a jackal (almost dead, 64% to hit)
The puff of flame hits the jackal.
You kill the jackal!
The jackal barely misses you.
Aiming: Throw Flame
Press: ? - help, Shift-Dir - straight line, f - jackal
Aim: a jackal (severely wounded, 64% to hit)
The puff of flame hits the jackal.
You kill the jackal!
Aiming: Throw Flame
Press: ? - help, Shift-Dir - straight line, f - jackal
Aim: a jackal (64% to hit)
The puff of flame hits the jackal!
You kill the jackal!
You hit the jackal.
The jackal is severely wounded.
The jackal closely misses you.
You barely miss the jackal.
The jackal is severely wounded.
The jackal closely misses you.
You hit the jackal but do no damage.
The jackal is severely wounded.
The jackal bites you. The jackal misses you.
You miss the jackal.
The jackal is severely wounded.
The jackal barely misses you.
You hit the jackal.
You kill the jackal!
Things that are here:
a jackal corpse; a jackal corpse; a jackal corpse
There is a staircase leading out of the dungeon here.
Are you sure you want to leave the Dungeon?
This will make you lose the game!
You have escaped!

# #...# # # #...#.##
#...#.## # #......#
........ #######.....#
......# ..........###
#..... ## ...........##
##.... .. ..........#.#
##>..##.# #######...>##
#.#.....### #...##
#@........ #...###
###.#>.#.## #...).###.).#
...# #######......#....#
....
.....#....#.###.#.##.#.#..
####.#....#.#>#.#.........
####.#.#..........##.#...#
#.........#.####### # #
#.#.......#.#


There were no monsters in sight!

Vanquished Creatures
  A bat (D:1)
  2 endoplasms (D:1)
  A giant cockroach (D:1)
  4 jackals (D:1)
  A quokka (D:1)
  2 rats (D:1)
11 creatures vanquished.

Notes
Turn   | Place    | Note
-------+----------+-------------------------------------------
     0 | D:1      | Alarkh the Demonspawn Artificer began the quest for the
                  | Orb.
     0 | D:1      | Reached XP level 1. HP: 15/15 MP: 1/1
   262 | D:1      | Gained mutation: You may rarely emit foul miasma when
                  | damaged in melee. [demonic ancestry]
   262 | D:1      | Reached XP level 2. HP: 14/22 MP: 2/2
   321 | D:$      | Got out of the dungeon alive.

Illustrated notes

Levels and vault maps discovered:
D:1:      onia_arrival_handbag, layout_loops_cross

Skill      XL: |  1 |
---------------+----+-----
Fighting       | 2 |  2.3
Armour         | |  1.7
Dodging        | |  0.8
Stealth        | |  0.8
Evocations     | |  3.0

Action                     || total
---------------------------++-------
  Melee: Short sword       ||    28
         Club              ||     1
  Evoke: Wand              ||     7
   Stab: Sleeping          ||     1
 Armour: Leather armour    ||     7
  Dodge: Dodged            ||    27
